 Dungeon Crawl Stone Soup version 0.22-a0-185-ge330310 (webtiles) character file.

536 vishdafish the Slasher (level 7, 55/55 HPs)
             Began as a Demonspawn Fighter on Feb 15, 2018.
             Quit the game on level 4 of the Dungeon.
             The game lasted 00:03:11 (3119 turns).

vishdafish the Slasher (Demonspawn Fighter)         Turns: 3119, Time: 00:03:12

Health: 55/55      AC:  6    Str: 16    XL:     7   Next: 4%
Magic:  7/7        EV:  8    Int: 11    God:
Gold:   185        SH:  9    Dex: 13    Spells: 6/6 levels left

rFire    . . .     SeeInvis .   a - +0 long sword
rCold    + . .     Gourm    .   c - +0 shield
rNeg     . . .     Faith    .   m - +2 leather armour {rPois}
rPois    +         Spirit   .   (no helmet)
rElec    .         Reflect  .   (no cloak)
rCorr    .         Harm     .   g - +0 pair of gloves
MR       .....                  (no boots)
Stlth    +.........             (no amulet)
HPRegen  0.18/turn              (no ring)
MPRegen  0.10/turn              (no ring)

@: no status effects
A: hooves 2, cold resistance 1, spiny 1
a: no special abilities


You were on level 4 of the Dungeon.
You were hungry.

You visited 1 branch of the dungeon, and saw 4 of its levels.

You collected 185 gold pieces.

Inventory:

Hand Weapons
 a - a +0 long sword (weapon)
Armour
 b - a +0 scale mail
 c - a +0 shield (worn)
 g - a +0 pair of gloves (worn)
 m - a +2 leather armour of poison resistance (worn)
Jewellery
 k - an uncursed ring of poison resistance {unknown}
 r - an uncursed ring of ice {unknown}
 t - an uncursed ring of positive energy {unknown}
 w - an uncursed amulet of guardian spirit {unknown}
Wands
 d - a wand of acid (9)
Scrolls
 e - 5 scrolls of remove curse {unknown}
 h - 3 scrolls of magic mapping {unknown}
 i - 7 scrolls of identify {unknown}
 j - a scroll of noise {unknown}
 n - a scroll of enchant armour {unknown}
 o - 4 scrolls of teleportation {unknown}
 q - a scroll of amnesia {unknown}
 s - 2 scrolls of enchant weapon {unknown}
 u - a scroll of fog {unknown}
Potions
 l - a potion of heal wounds {unknown}
 p - a potion of ambrosia {unknown}
 v - a potion of degeneration {unknown}
Comestibles
 f - 13 rations


   Skills:
 + Level 4.4 Fighting
 * Level 4.6 Long Blades
 + Level 4.0 Armour
 + Level 4.0 Shields


You had 6 spell levels left.
You didn't know any spells.

Dungeon Overview and Level Annotations

Branches:
Dungeon (4/15)
 Temple: D:4-7

Altars:
Ashenzari
Cheibriados
Okawaru
Zin


Innate Abilities, Weirdness & Mutations

You have hoof-like feet.
Your flesh is cold resistant. (rC+)
You are partially covered in sharp spines.


Message History

You kick the worker ant, but do no damage.
The worker ant is almost dead.
The worker ant barely misses you. You block the worker ant's attack.
You hit the worker ant.
You kill the worker ant!
No target in view!
No target in view!
No target in view!
No target in view!
No target in view!
No target in view!
You are feeling hungry.
w - a blackened ruby amulet
Found an escape hatch in the ceiling.
No target in view!
A hound skeleton comes into view.
Are you sure you want to abandon this character and quit the game? (Confirm with "yes".)
Okay, then.
Unknown command.
Are you sure you want to abandon this character and quit the game? (Confirm with "yes".)

#### ...# ...# ##### ##
...# #...#####....
...## ##...@..<..Z.
.#..## ##...##.....
###..### ###.# ...
.......#########.# #
.................#
.#####.................
..#######...###..###...
..............##.... .
..##########..######


You could see a hound skeleton.

Vanquished Creatures
  Grinder (D:3)
  A scorpion (D:4)
  A hound (D:4)
  An iguana (D:4)
  Terence (D:3)
  An orc wizard (D:3)
  Ijyb (D:3)
  2 worker ants (D:4)
  A worker ant zombie (D:4)
  5 adders
  A worm (D:3)
  A dart slug (D:1)
  4 leopard geckos
  6 orcs
  8 bats
  5 giant cockroaches
  3 goblins
  2 hobgoblins
  8 kobolds
  A quokka (D:2)
  A ball python (D:4)
  3 frilled lizards
  2 rats (D:1)
60 creatures vanquished.

Notes
Turn   | Place    | Note
-------+----------+-------------------------------------------
     0 | D:1      | vishdafish the Demonspawn Fighter began the quest for the Orb.
     0 | D:1      | Reached XP level 1. HP: 18/18 MP: 1/1
   342 | D:1      | Gained mutation: You have large cloven feet. [demonic ancestry]
   342 | D:1      | Reached XP level 2. HP: 24/24 MP: 2/2
   895 | D:2      | Gained mutation: You have hoof-like feet. [demonic ancestry]
   895 | D:2      | Reached XP level 3. HP: 25/29 MP: 3/3
  1373 | D:3      | Noticed Terence
  1384 | D:3      | Killed Terence
  1384 | D:3      | Gained mutation: Your flesh is cold resistant. (rC+) [demonic ancestry]
  1384 | D:3      | Reached XP level 4. HP: 15/35 MP: 4/4
  1512 | D:3      | Noticed Grinder
  1519 | D:3      | Paralysed by Grinder for 4 turns
  1528 | D:3      | Killed Grinder
  1528 | D:3      | Reached XP level 5. HP: 9/42 MP: 5/5
  1528 | D:3      | Reached XP level 6. HP: 11/48 MP: 6/6
  1784 | D:3      | Noticed Ijyb
  1806 | D:3      | Killed Ijyb
  2178 | D:3      | Found a shattered altar of Ashenzari.
  2179 | D:3      | Found a glowing silver altar of Zin.
  2323 | D:3      | Found a snail-covered altar of Cheibriados.
  2674 | D:4      | Found an iron altar of Okawaru.
  3058 | D:4      | Gained mutation: You are partially covered in sharp spines. [demonic ancestry]
  3058 | D:4      | Reached XP level 7. HP: 54/55 MP: 7/7
  3119 | D:4      | Quit the game

Vault maps used:
D:1:      dpeg_arrival_arbitrary_c, minmay_misc_feat_room,
          hangedman_decor_riveting, minmay_tromino_v4_c
D:3:      gammafunk_temple_overflow_statue, lemuel_doored_altar, first_ration,
          uniq_grinder, uniq_terence, uniq_ijyb
D:4:      okawaru_ov_weapons_minmay, minmay_quantized

Skill      XL: |  1  2  3  4  5  6 |
---------------+-------------------+-----
Long Blades    | 2 3 4 |  4.6
Armour         | 3 4 |  4.0
Shields        | 3 4 |  4.0
Fighting       | 4 |  4.4

Action                   |  1- 3 |  4- 6 |  7- 9 || total
-------------------------+-------+-------+-------++-------
Melee: Long sword        |    96 |   172 |     4 ||   272
       Kick              |    23 |    43 |     2 ||    68
  Use: Potion            |     1 |     3 |       ||     4
  Eat: Chunk             |     1 |     6 |       ||     7
Armor: Scale mail        |    58 |     9 |       ||    67
       Leather armour    |       |    52 |       ||    52
       Skin              |       |    13 |       ||    13
Dodge: Dodged            |    24 |    50 |     3 ||    77
Block: Shield            |    49 |    85 |     2 ||   136
       Rpst.: Long sword |     8 |    11 |     1 ||    20

Table legend:
 A = Spawn XP
 B = Non-spawn XP
 C = Spawn XP percentage of total XP
 D = Spawn monster count
 E = Non-spawn monster count
 F = Spawn count percentage of total count
 G = Total turns spent on level
                    A         B        C        D         E        F      G
               +---------+---------+-------+---------+---------+-------+---------
         Total |       0 |     766 |   0.0 |       0 |      60 |   0.0 |  3119
               +---------+---------+-------+---------+---------+-------+---------
           D:1 |       0 |      25 |   0.0 |       0 |      14 |   0.0 |   765
           D:2 |       0 |      42 |   0.0 |       0 |      11 |   0.0 |   578
           D:3 |       0 |     457 |   0.0 |       0 |      24 |   0.0 |  1174
           D:4 |       0 |     242 |   0.0 |       0 |      11 |   0.0 |   602
               +---------+---------+-------+---------+---------+-------+---------
